 Dungeon Crawl Stone Soup version 0.28-a0-1435-g82390b3a13 (webtiles) character file.

Game seed: 7335732942147005695

203 leviel the Chopper (level 5, -3/47 HPs)
             Began as a Hill Orc Fighter on Jan 10, 2022.
             Slain by an ice beast (8 damage)
             ... on level 4 of the Dungeon.
             The game lasted 00:04:48 (3179 turns).

leviel the Chopper (Hill Orc Fighter)               Turns: 3179, Time: 00:04:49

Health: -3/47      AC:  9    Str: 21    XL:     5   Next: 81%
Magic:  5/5        EV:  9    Int:  8    God:
Gold:   46         SH: 10    Dex: 10    Spells: 4/4 levels left

rFire   + . .      SeeInvis .   a - +0 war axe
rCold   . . .      Faith    .   b - +2 kite shield {AC+3}
rNeg    . . .      Spirit   .   i - +1 leather armour of Yzyned {rPois rF+}
rPois   +          Reflect  .   (no helmet)
rElec   .          Harm     .   n - +0 cloak
rCorr   .          Rampage  .   m - +0 pair of gloves
Will    .....                   (no boots)
Stlth   +.........              (no amulet)
HPRegen 0.15/turn               (no ring)
MPRegen 0.09/turn               (no ring)

@: no status effects
A: no striking features
a: no special abilities


You were on level 4 of the Dungeon.
You visited 1 branch of the dungeon, and saw 4 of its levels.

You collected 46 gold pieces.

Inventory:

Hand Weapons
 a - a +0 war axe (weapon)
Armour
 b - a +2 kite shield of protection (worn)
 c - a +0 buckler
 i - the +1 leather armour of Yzyned (worn) {rPois rF+}
   (You found it on level 2 of the Dungeon)

   rF:        It protects you from fire.
   rPois:     It protects you from poison.
 j - a +0 plate armour
 m - a +0 pair of gloves (worn)
 n - a +0 cloak (worn)
Scrolls
 g - a scroll of vulnerability {unknown}
 k - 2 scrolls of blinking {unknown}
 l - a scroll of silence {unknown}
Potions
 d - a potion of haste {unknown}
 e - a potion of mutation {unknown}
 h - a potion of heal wounds {unknown}


   Skills:
 + Level 4.7 Fighting
 * Level 5.1 Axes
 + Level 4.2 Armour
 + Level 0.2 Dodging
 + Level 4.2 Shields


You had 4 spell levels left.
You didn't know any spells.
Your spell library contained the following spells:

 Spells                   Type           Power      Damage    Failure   Level
 Blade Hands              Tmut           0%         N/A       100%        5
 Irradiate                Conj/Tmut      0%         3d14      100%        5
 Dragon Form              Tmut           0%         N/A       100%        7


Dungeon Overview and Level Annotations

Branches:
Dungeon (4/15)
 Temple: D:4-7

Altars:
Okawaru
Uskayaw
Xom


Message History

The ice beast misses you.
You barely miss the ice beast.
The ice beast is severely wounded.
The ice beast hits you but does no damage.
The ice beast closely misses you.
You closely miss the ice beast.
The ice beast is severely wounded.
The ice beast hits you. The ice beast freezes you!
* * * LOW HITPOINT WARNING * * *
You barely miss the ice beast.
The ice beast is severely wounded.
The ice beast closely misses you.
The ice beast hits you but does no damage.
You barely miss the ice beast.
The ice beast is severely wounded.
The ice beast hits you but does no damage.
You feel better.
The ice beast hits you but does no damage.
You hit the ice beast.
The ice beast is severely wounded.
You block the ice beast's attack. x2
You closely miss the ice beast.
The ice beast is severely wounded.
The ice beast hits you but does no damage.
You barely miss the ice beast.
The ice beast is severely wounded.
The ice beast hits you but does no damage.
You closely miss the ice beast.
The ice beast is severely wounded.
You block the ice beast's attack. x2
You barely miss the ice beast.
The ice beast is severely wounded.
The ice beast hits you. The ice beast freezes you!
* * * LOW HITPOINT WARNING * * *
You hit the ice beast but do no damage.
The ice beast is severely wounded.
The ice beast completely misses you. The ice beast hits you.
* * * LOW HITPOINT WARNING * * *
The ice beast freezes you!
You die...

####.####
#.......#
#.##.##.#
# #....#
#....#
#.##....#
#.......#
##.##Y#.#
#. #@#.#
# #.#.#
#.#.# #.#
... #.#
#.# #.#


You could see an ice beast.

Vanquished Creatures
  An ogre (D:2)
  Terence (D:3)
  Robin (D:2)
  An adder (D:3)
  2 worms (D:2)
  2 dart slugs (D:1)
  2 endoplasms
  4 giant cockroaches
  11 goblins
  10 hobgoblins
  2 jackals (D:1)
  A quokka (D:1)
  4 ball pythons
  8 bats
  7 kobolds
  2 rats
59 creatures vanquished.

Notes
Turn   | Place    | Note
-------+----------+-------------------------------------------
     0 | D:1      | leviel the Hill Orc Fighter began the quest for the Orb.
     0 | D:1      | Reached XP level 1. HP: 19/19 MP: 1/1
   237 | D:1      | Reached XP level 2. HP: 27/27 MP: 2/2
   257 | D:1      | Reached skill level 3 in Axes
   831 | D:1      | Reached XP level 3. HP: 27/33 MP: 3/3
   977 | D:2      | Noticed Robin
   989 | D:2      | Killed Robin
  1257 | D:2      | Reached skill level 4 in Axes
  1257 | D:2      | Reached XP level 4. HP: 23/40 MP: 4/4
  1415 | D:2      | Found a shimmering altar of Xom.
  1449 | D:2      | Noticed an ogre
  1456 | D:2      | Killed an ogre
  1457 | D:2      | Reached XP level 5. HP: 47/47 MP: 5/5
  1890 | D:2      | Identified the +1 leather armour of Yzyned {rPois rF+}
  2097 | D:3      | Found a hide-covered altar of Uskayaw.
  2153 | D:3      | Found an iron altar of Okawaru.
  2154 | D:3      | Noticed Terence
  2171 | D:3      | Identified a scroll of acquirement
  2171 | D:3      | Acquired a +2 kite shield of protection
  2186 | D:3      | Killed Terence
  2187 | D:3      | Reached skill level 5 in Axes
  3125 | D:4      | Noticed an ice beast
  3179 | D:4      | Slain by an ice beast

Illustrated notes

Levels and vault maps discovered:
D:1:      lightli_arrival_noodles, layout_loops_corners
D:2:      layout_basic, basic_altar, uniq_robin
D:3:      layout_loops_corners, nicolae_uskayaw_suspiria,
          mainiacjoe_overflow_catwalk, uniq_terence
D:4:      kennysheep_six_static_rooms, layout_loops_cross,
          mainiacjoe_overflow_tiny_flanked,
          nicolae_ossuary_entry_false_entrances

Skill      XL: |  1  2  3  4  5 |
---------------+----------------+-----
Axes           | 3 4 5 |  5.1
Fighting       | 4 |  4.7
Armour         | 4 |  4.2
Shields        | 4 |  4.2
Dodging        | |  0.2

Action                   |  1- 3 |  4- 6 || total
-------------------------+-------+-------++-------
Melee: War axe           |    83 |   107 ||   190
  Use: Scroll            |     2 |     1 ||     3
       Potion            |       |     3 ||     3
Armor: Scale mail        |    26 |    30 ||    56
       Leather armour    |       |    29 ||    29
Dodge: Dodged            |    38 |    31 ||    69
Block: Buckler           |    25 |     8 ||    33
       Kite shield       |       |    31 ||    31

Table legend: (Time is in decaauts)
 A = Elapsed time spent in this place.
 B = Non-inter-level travel time spent in this place.
 C = Inter-level travel time spent in this place.
 D = Time resting spent in this place.
 E = Time spent auto-exploring this place.
 F = Levels seen in this place.
 G = Mean time per level.
                   A        B        C        D        E       F      G
               +--------+--------+--------+--------+--------+-----+--------+
         Total |   3248 |   3146 |    102 |      0 |   2615 |   4 |  812.0 |
       Dungeon |   3248 |   3146 |    102 |      0 |   2615 |   4 |  812.0 |
               +--------+--------+--------+--------+--------+-----+--------+

Top non-repeatable levels by time:
     D:2: 1114 daAuts
     D:3: 1068 daAuts
     D:1: 994 daAuts
     D:4: 71 daAuts
